 Dungeon Crawl Stone Soup version 0.18-a0-327-gb1de508 (webtiles) character file.

109 endege the Chopper (level 4, -1/23 HPs)
             Began as a Vine Stalker Berserker on Nov 27, 2015.
             Was a Believer of Trog.
             Killed from afar by an orc wizard (9 damage)
             ... with a magic dart
             ... on level 3 of the Dungeon.
             The game lasted 00:01:43 (2068 turns).

endege the Chopper (Vine Stalker Berserker)         Turns: 2068, Time: 00:01:43

Health: -1/23      AC:  9    Str: 21    XL:     4   Next: 90%
Magic:  0/5        EV:  8    Int:  7    God:    Trog [**....]
Gold:   57         SH:  0    Dex: 13    Spells: 0 memorised, 3 levels left

rFire  . . .     SeeInvis .     Y - +2 hand axe
rCold  . . .     Clarity  .     o - +0 chain mail
rNeg   . . .     SustAt   .     (no shield)
rPois  .         Gourm    .     c - +0 helmet
rElec  .         Spirit   +     (no cloak)
rCorr  .         Warding  .     (no gloves)
rMut   .         Stasis   .     (no boots)
MR     .....                    (no amulet)
Stlth  ..........               (no ring)
                                (no ring)

@: exhausted, slowed, very slow, not resistant to hostile enchantments,
extremely unstealthy
A: fangs 2, breathe flames 1, regeneration 1, magic shield, antimagic bite, no
device heal 3, rot immunity
a: Berserk, Trog's Hand, Burn Spellbooks, Renounce Religion, Breathe Fire


You were on level 3 of the Dungeon.
You worshipped Trog.
Trog was pleased with you.
You were not hungry.

You visited 1 branch of the dungeon, and saw 3 of its levels.

You collected 57 gold pieces.


Innate Abilities, Weirdness & Mutations

You have extremely sharp teeth.
Your natural rate of healing is unusually fast.
When hurt, damage is shared between your health and your magic reserves.
Your bite disrupts and absorbs the magic of your enemies.
Potions and wands cannot restore your health.
You are immune to rotting.
You can breathe flames.


   Skills:
 - Level 2.6 Fighting
 + Level 4.7 Axes
 - Level 1.9 Armour
 - Level 1.5 Dodging


You had 3 spell levels left.
You didn't know any spells.

Inventory:

Hand Weapons
 Y - a +2 hand axe (weapon)
Armour
 c - a +0 helmet (worn)
 o - a +0 chain mail (worn)
Jewellery
 d - an uncursed ring of fire {unknown}
Potions
 h - a potion of brilliance {unknown}
 m - a potion of resistance {unknown}
Comestibles
 g - 2 meat rations
 i - a chunk of flesh

Dungeon Overview and Level Annotations

Branches:
Dungeon (3/15)

Altars:

Annotations:
D:3 Terence


Message History

Something hits you but does no damage.
You closely miss Terence. You bite Terence. You drain his power.
You feel invigorated.
Terence is heavily wounded.
You hit something. Terence barely misses you. Something hits you.
* * * LOW HITPOINT WARNING * * *
Terence hits you but does no damage.
You hear some strange, mumbled words.
A puff of flame appears from out of thin air!
The puff of flame hits you!
* * * LOW HITPOINT WARNING * * *
You completely miss Terence. You bite Terence, but do no damage.
Terence is heavily wounded.
You hit something but do no damage. Terence barely misses you.
Terence hits you but does no damage.
You hear some strange, mumbled words.
A magic dart appears from out of thin air!
The magic dart hits you!
You die...

#......
#.....
#..... +....
.... #..####
######ro##..
.....K{@##.#
.######@##.#
#.##<#
#.##.#
#....#
######


You could see Terence, an orc, a kobold and a rat.

Vanquished Creatures
  A jelly (D:3)
  Jessica (D:2)
  A worm (D:2)
  3 giant geckos
  An orc (D:3)
  4 bats
  4 giant cockroaches
  6 hobgoblins
  6 kobolds
  A ball python (D:1)
  6 giant newts
  7 goblins
  A quokka (D:2)
  4 rats
46 creatures vanquished.

Notes
Turn   | Place    | Note
--------------------------------------------------------------
     0 | D:1      | endege the Vine Stalker Berserker began the quest for the Orb.
     0 | D:1      | Reached XP level 1. HP: 11/11 MP: 2/2
     0 | D:1      | 0 ||| counter = 45
    97 | D:1      | 97 ||| INVOKING Berserk.
   100 | D:1      | Reached skill level 3 in Axes
   243 | D:1      | Reached XP level 2. HP: 11/16 MP: 3/3
   965 | D:1      | 965 ||| UPGRADING to helmet.
   970 | D:1      | 970 ||| READING scroll labeled JUSOEGECYM.
  1057 | D:2      | Reached ** piety under Trog
  1057 | D:2      | Reached XP level 3. HP: 19/19 MP: 4/4
  1118 | D:2      | Noticed Jessica
  1127 | D:2      | Killed Jessica
  1127 | D:2      | Reached skill level 4 in Axes
  1233 | D:2      | Reached XP level 4. HP: 20/23 MP: 5/5
  1234 | D:2      | 1234 ||| EATING bread ration.
  1970 | D:2      | 1970 ||| UPGRADING to scale mail.
  1980 | D:2      | 1980 ||| DROPPING +0 animal skin.
  1981 | D:2      | 1981 ||| UPGRADING to chain mail.
  1991 | D:2      | 1991 ||| DROPPING +0 scale mail.
  1992 | D:2      | 1992 ||| READING scroll labeled UCIEFA SEASM.
  1993 | D:2      | 1993 ||| READING scroll labeled SEKHLA IWEN.
  1994 | D:2      | 1994 ||| READING 2 scrolls labeled QAURHU ZAFFUR.
  1995 | D:2      | 1995 ||| READING scroll of enchant weapon.
  1995 | D:2      | 1995 ||| ENCHANTING +1 hand axe.
  1996 | D:2      | 1996 ||| READING scroll labeled TERYRY JAAMEGU.
  1997 | D:2      | 1997 ||| DRINKING 2 bubbling ruby potions.
  1998 | D:2      | 1998 ||| DRINKING 2 fuming pink potions.
  1998 | D:2      | Gained mutation: You can breathe flames. [potion of beneficial mutation]
  1999 | D:2      | 1999 ||| DRINKING potion of beneficial mutation.
  2043 | D:3      | 2043 ||| INVOKING Berserk.
  2050 | D:3      | 2050 ||| DRINKING potion of curing.
  2050 | D:3      | 2050 ||| (to cure confusion)
  2051 | D:3      | Noticed Terence
  2068 | D:3      | Killed from afar by an orc wizard

Vault maps used:
D:1:      arrival_zaba_pyramid, grunt_decor_mini_mirrors, kennysheep_boxes
D:2:      uniq_jessica
D:3:      minmay_door_square, uniq_terence

Action                   |  1- 3 |  4- 6 || total
-------------------------+-------+-------++-------
Melee: Hand axe          |    80 |    56 ||   136
Invok: Berserk           |     1 |     1 ||     2
  Use: Scroll            |     1 |     5 ||     6
       Potion            |       |     4 ||     4
  Eat: Chunk             |     1 |       ||     1
       Bread ration      |       |     1 ||     1
